 Dungeon Crawl Stone Soup version 0.27.1-34-g3ba077fa99 (webtiles) character file.

Game seed: 6611617130879869722

176663 sankara the Brawler (level 17, 0/156 HPs)
             Began as a Minotaur Transmuter on Jan 17, 2022.
             Was a High Priest of Okawaru.
             Killed by the air
             ... invoked by a wind drake
              (14 damage)
             ... on level 2 of the Abyss on Jan 18, 2022.
             The game lasted 02:18:11 (30958 turns).

sankara the Brawler (Minotaur Transmuter)          Turns: 30958, Time: 02:18:12

Health: 0/156      AC: 22    Str: 14    XL:     17   Next: 51%
Magic:  9/21       EV: 28    Int: 14    God:    Okawaru [*****.]
Gold:   2019       SH:  0    Dex: 21    Spells: 8/20 levels left

rFire    . . .     SeeInvis .     - Unarmed
rCold    . . .     Faith    .   (no shield)
rNeg     . . .     Spirit   .   t - +1 robe of the Earth {Regen+ Str-3 Dex+9 Stlth-}
rPois    .         Reflect  .   L - +0 hat
rElec    .         Harm     .   p - +2 cloak
rCorr    .         Rampage  .   d - +1 pair of gloves
Will     +....                  N - +0 pair of boots
Stlth    ++++......             f - amulet of regeneration
HPRegen  2.36/turn              A - +4 ring of protection
MPRegen  0.17/turn              h - ring of the Tortoise {AC+8}

@: heroic
A: horns 2, retaliatory headbutt
a: Renounce Religion, Heroism, Finesse


You were on level 2 of the Abyss.
You worshipped Okawaru.
Okawaru was extremely pleased with you.
You visited 5 branches of the dungeon, and saw 28 of its levels.
You visited the Abyss 1 time.

You collected 3991 gold pieces.
You spent 1972 gold pieces at shops.

Inventory:

Hand Weapons
 q - the +4 longbow of Expedience {freeze, rN++ Will+ Int+4 Stlth+}
   (Okawaru gifted it to you on level 2 of the Swamp)

   Any ammunition fired from it freezes those it strikes, dealing additional
   cold damage.
   It can also slow down cold-blooded creatures.
   Int:       It affects your intelligence (+4).
   rN:        It greatly protects you from negative energy.
   Will:      It increases your willpower.
   Stlth:     It makes you more stealthy.
Missiles
 j - 9 javelins
 o - 98 boomerangs (quivered)
 r - 13 boomerangs of dispersal
 s - 76 poisoned darts
 y - 4 throwing nets
 T - 4 curare-tipped darts
 Z - 3 atropa-tipped darts
Armour
 d - a +1 pair of gloves (worn)
 p - a +2 cloak (worn)
 t - the +1 robe of the Earth (worn) {Regen+ Str-3 Dex+9 Stlth-}
   (You found it on level 7 of the Dungeon)

   Str:       It affects your strength (-3).
   Dex:       It affects your dexterity (+9).
   Regen:     It increases your rate of health regeneration.
   Stlth:     It makes you less stealthy.
 G - the +0 cloak of the Blind Marksman {rN+ Str+4 Stlth+}
   (Okawaru gifted it to you on level 6 of the Lair of Beasts)

   Str:       It affects your strength (+4).
   rN:        It protects you from negative energy.
   Stlth:     It makes you more stealthy.
 L - a +0 hat (worn)
 N - a +0 pair of boots (worn)
Jewellery
 e - a ring of magical power
 f - an amulet of regeneration (around neck)
 h - the ring of the Tortoise (right hand) {AC+8}
   (You bought it in a shop on level 10 of the Dungeon)

   [ring of protection]

   AC:        It affects your AC (+8).
 w - a ring of see invisible
 A - a +4 ring of protection (left hand)
 B - a ring of positive energy
 C - the ring of Papises {Will+ Slay+4}
   (You took it off a deep elf pyromancer on level 10 of the Dungeon)

   [ring of slaying]

   Slay:      It affects your accuracy & damage with ranged weapons and melee
   (+4).
   Will:      It increases your willpower.
 O - a ring of positive energy
 R - the ring "Bossom" {Ice rElec rN+}
   (You took it off a skeletal warrior on level 10 of the Dungeon)

   [ring of ice]

   It enhances your ice magic.
   rF:        It makes you vulnerable to fire.
   rC:        It protects you from cold.
   rElec:     It insulates you from electricity.
   rN:        It protects you from negative energy.
 V - a +6 ring of strength
 W - the ring of Hisk {rPois rC+ Will+}
   (You found it on level 3 of the Swamp)

   [ring of willpower]

   rC:        It protects you from cold.
   rPois:     It protects you from poison.
   Will:      It increases your willpower.
Wands
 a - a wand of iceblast (64)
 b - a wand of polymorph (8)
 l - a wand of paralysis (10)
 z - a wand of charming (2)
 F - a wand of digging (6)
 H - a wand of acid (17)
 X - a wand of flame (29)
 Y - a wand of mindburst (54)
Scrolls
 c - 9 scrolls of teleportation
 i - 2 scrolls of enchant weapon
 k - a scroll of holy word
 u - 2 scrolls of fog
 x - 3 scrolls of enchant armour
 D - 7 scrolls of identify
 I - 3 scrolls of blinking
 J - 6 scrolls of magic mapping
 M - a scroll of fear
Potions
 g - 8 potions of brilliance
 m - 13 potions of curing
 n - 6 potions of magic
 v - 7 potions of flight
 E - 2 potions of invisibility
 K - a potion of mutation
 P - 3 potions of might
 Q - 9 potions of haste
 U - 3 potions of cancellation
Miscellaneous
 S - a box of beasts


   Skills:
 - Level 15.0(20.0) Fighting
 - Level 12.0(17.0) Throwing
 - Level 1.0(6.0) Armour
 - Level 15.0(20.0) Dodging
 - Level 5.0(10.0) Stealth
 + Level 18.1(23.1) Unarmed Combat
 - Level 2.0 Spellcasting
 - Level 3.0 Necromancy
 - Level 3.0 Translocations
 - Level 10.0 Transmutations
 - Level 3.0 Ice Magic
 - Level 3.0 Poison Magic
 - Level 7.0 Invocations
 - Level 7.0 Evocations


You had 8 spell levels left.
You knew the following spells:

 Your Spells              Type           Power      Damage    Failure   Level
a - Ice Form              Ice/Tmut       19%        N/A       16%         4
b - Wereblood             Tmut           29%        N/A       1%          2
c - Spider Form           Tmut/Pois      9%         N/A       4%          3
d - Animate Skeleton      Necr           18%        N/A       7%          1
e - Blink                 Tloc           N/A        N/A       11%         2

Your spell library contained the following spells:

 Spells                   Type           Power      Damage    Failure   Level
 Beastly Appendage        Tmut           58%        N/A       1%          1
 Pain                     Necr           36%        1d5       7%          1
 Ignite Poison            Fire/Tmut/Pois 13%        N/A       12%         3
 Corpse Rot               Necr/Air       N/A        N/A       19%         2
 Ensorcelled Hibernation  Hex/Ice        10%        N/A       19%         2
 Poisonous Vapours        Pois/Air       10%        N/A       19%         2
 Vampiric Draining        Necr           4%         2d6       21%         3
 Foxfire                  Conj/Fire      4%         2x1d4     24%         1
 Magic Dart               Conj           4%         1d3       24%         1
 Summon Small Mammal      Summ           4%         N/A       24%         1
 Petrify                  Tmut/Erth      15%        N/A       30%         4
 Searing Ray              Conj           2%         3d3       34%         2
 Mephitic Cloud           Conj/Pois/Air  4%         N/A       43%         3
 Call Canine Familiar     Summ           1%         N/A       56%         3
 Conjure Flame            Conj/Fire      1%         6-21      56%         3
 Inner Flame              Hex/Fire       1%         N/A       56%         3
 Summon Guardian Golem    Hex/Summ       1%         N/A       56%         3
 Tukima's Dance           Hex            1%         N/A       56%         3
 Animate Dead             Necr           4%         N/A       56%         4
 Passage of Golubria      Tloc           N/A        N/A       56%         4
 Yara's Violent Unravell  Hex/Tmut       7%         3d5       63%         5
 Iskenderun's Mystic Bla  Conj/Tloc      5%         2d3       77%         4
 Manifold Assault         Tloc           9%         N/A       88%         5
 Fulminant Prism          Conj/Hex       0%         3d6       93%         4
 Leda's Liquefaction      Hex/Erth       0%         N/A       93%         4
 Sticky Flame             Conj/Fire      1%         2d3       93%         4
 Eringya's Noxious Bog    Tmut/Pois      9%         N/A       94%         6
 Borgnjor's Vile Clutch   Necr/Erth      2%         N/A       98%         5
 Metabolic Englaciation   Hex/Ice        2%         N/A       98%         5
 Summon Forest            Summ/Tloc      2%         N/A       98%         5
 Freezing Cloud           Conj/Ice/Air   2%         6-21      99%         5
 Statue Form              Tmut/Erth      10%        N/A       99%         6
 Bolt of Magma            Conj/Fire/Erth 0%         4d4       100%        5
 Lee's Rapid Deconstruct  Erth           0%         3d5*      100%        5
 Death Channel            Necr           4%         N/A       100%        6
 Iron Shot                Conj/Erth      0%         9d1       100%        6
 Shadow Creatures         Summ           N/A        N/A       100%        6
 Storm Form               Tmut/Air       7%         N/A       100%        7
 Summon Hydra             Summ           0%         N/A       100%        7
 Discord                  Hex            0%         N/A       100%        8


Dungeon Overview and Level Annotations

Branches:
Dungeon (15/15)            Temple (1/1) D:6            Lair (6/6) D:9
  Swamp (4/4) Lair:3       Spider (0/4) Lair:2        Slime (0/5) Lair:6
    Orc (2/2) D:12            Elf (0/3) Orc:2        Vaults (0/5) D:14
 Depths (0/5) D:15

Altars:
Ashenzari
Cheibriados
Dithmenos
Elyvilon
Fedhas
Gozag
Hepliaklqana
Kikubaaqudgha
Makhleb
Nemelex Xobeh
Okawaru
Qazlal
Ru
Sif Muna
Trog
Uskayaw
Vehumet
Wu Jian
Xom
Yredelemnul
Zin
The Shining One
Jiyva

Shops:
D:7 (   D:9 *   D:10 =   D:11 (   Orc:2 (***

Portals:
Trove: D:12 (give 17 potions of curing)

Annotations:
D:7 2 transporters, zagosky's ghost, novice MiHu
Swamp:3 1 runed translucent door, groll's ghost, adept MiBe


Innate Abilities, Weirdness & Mutations

You have a pair of horns on your head.
You reflexively headbutt those who attack you in melee.


Message History

Your +1 pair of gloves unmelds from your body.
Your +0 pair of boots unmelds from your body.
The +1 robe of the Earth {Regen+ Str-3 Dex+9 Stlth-} unmelds from your body.
The wind drake flaps its wings at you. The air twists around and strikes you.
A raiju comes into view.
The bat completely misses you. The bat closely misses you.
The smoke demon roars!
The bat completely misses you. You furiously retaliate!
You headbutt the bat!
You kill the bat!
The smoke demon gestures at you. Something smites you!
The raiju bursts into living lightning!
The living lightning hits you!!
* * * LOW HITPOINT WARNING * * *
The raiju blinks! x2
The wind drake flaps its wings at you. The air twists around and strikes you.
* * * LOW HITPOINT WARNING * * *
The raiju barely misses you. You furiously retaliate!
You headbutt the raiju. The wind drake flaps its wings at you.
The air twists around and strikes you. The smoke demon gestures at you.
The sticky flame hits you but does no damage.
You are covered in liquid flames!
You are covered in liquid flames!
* * * LOW HITPOINT WARNING * * *
You are covered in liquid flames!
* * * LOW HITPOINT WARNING * * *
You are no longer on fire.
The smoke demon gestures at you. Something smites you!
* * * LOW HITPOINT WARNING * * *
The thrashing horror closely misses you. x2
The wind drake flaps its wings at you. The air twists around and strikes you!
* * * LOW HITPOINT WARNING * * *
The wind drake flaps its wings at you. The air twists around and strikes you!
You die...

..#...# # ##.##
.##.# .#
###k###...## ##..
#.#k.#....# ...#
#. ...#....###..#
.# #..#...##.#.#
## #
##...##.#...## ..
###†#...##..##.#
#..k....h.@.#
#..k...3..X.#
#.....#.#.....#
##..........#...#
#..........#.....
#................#
................#
...#......#.......


You could see 2 wind drakes, a thrashing horror, a smoke demon and a raiju.

Vanquished Creatures
  A bone dragon (Abyss:2)
  A tentacled monstrosity (Swamp:3)
  Jorgrun (D:15)
  Frances (Swamp:2)
  2 thorn hunters
  2 fenstrider witches
  2 orc warlords (Orc:1)
  A ghoul (Swamp:2)
  A reaper (Swamp:4)
  A black draconian (Abyss:2)
  2 bunyips (Swamp:3)
  2 eleionomae
  Snorg (Lair:3)
  A great orb of eyes (D:15)
  Josephine (D:10)
  A fire dragon (Lair:5)
  Fannar (D:11)
  9 hydras
  Harold (Lair:1)
  Erolcha (D:13)
  9 two-headed ogres
  7 boulder beetles
  An ogre mage (D:14)
  3 catoblepae (Lair:6)
  9 centaur warriors
  19 death yaks
  4 alligators
  3 tengu warriors
  Urug (Lair:5)
  3 orc high priests (Orc:2)
  A soul eater (Swamp:4)
  Sonja (Lair:2)
  Nergalle (Lair:2)
  3 large abominations (Abyss:2)
  4 skeletal warriors
  A sixfirhy (Swamp:4)
  A goliath frog (Swamp:4)
  3 spriggan druids
  5 swamp dragons
  A wizard (Swamp:4)
  11 bog bodies
  A harpy (Abyss:2)
  5 orc knights
  An orb spider (shapeshifter) (D:13)
  5 deep elf pyromancers
  5 orc sorcerers
  2 will-o-the-wisps
  A worldbinder (Abyss:2)
  5 manticores
  41 ugly things
  5 cyclopes
  12 elephants
  A black mamba (shapeshifter) (D:14)
  A smoke demon (Abyss:2)
  2 black mambas
  4 gargoyles
  8 cane toads
  A kobold demonologist (D:7)
  A yaktaur (D:15)
  A rime drake (shapeshifter) (D:13)
  3 rime drakes
  6 hellwings
  15 komodo dragons
  2 polar bears
  A queen bee (shapeshifter) (D:13)
  4 trolls
  2 jumping spiders (Lair:2)
  8 hornets
  6 tyrant leeches
  A wind drake (shapeshifter) (D:15)
  Prince Ribbit (D:6)
  31 blink frogs
  3 slime creatures (D:15)
  13 dream sheep
  5 redbacks (Lair:2)
  Sigmund (D:3)
  A hog (D:13)
  9 wyverns
  A tarantella (shapeshifter) (D:15)
  8 wraiths
  9 spriggans
  4 basilisks
  A fire bat (Abyss:2)
  65 yaks
  3 golden eyes (Abyss:2)
  2 chaos spawn
  2 steam dragons
  10 vampire mosquitoes
  Edmund (D:6)
  2 acid dragons
  14 swamp worms
  18 water moccasins
  28 orc warriors
  4 black bears
  8 ogres
  An ice beast (D:6)
  2 sky beasts
  6 necrophages
  13 wolves
  2 phantoms
  6 centaurs
  4 small abominations (Abyss:2)
  10 bullfrogs
  A gnoll sergeant (D:5)
  3 scorpions (D:6)
  2 water moccasin skeletons
  2 wyvern skeletons (D:7)
  8 wights
  3 electric eels
  4 howler monkeys
  3 centaur zombies
  Crazy Yiuf (D:3)
  6 hounds
  A jelly (D:5)
  16 orc priests
  Ijyb (D:3)
  2 bullfrog skeletons
  13 iguanas
  Jessica (D:3)
  Terence (D:3)
  24 orc wizards
  10 hell rats
  A killer bee zombie (D:7)
  A hound skeleton (D:4)
  2 howler monkey zombies
  A howler monkey skeleton (D:7)
  4 adders (D:3)
  12 gnolls
  A river rat (D:3)
  2 shadow imps (D:7)
  3 white imps
  An ufetubus (D:4)
  An adder skeleton (D:4)
  3 worms
  71 orcs
  7 bats
  5 endoplasms
  7 goblins
  11 hobgoblins
  4 jackals (D:1)
  8 quokkas
  5 ball pythons
  12 frilled lizards (Lair:1)
  3 kobolds
  9 rats
838 creatures vanquished.

Vanquished Creatures (collateral kills)
  A komodo dragon (Lair:1)
  A water moccasin (Lair:3)
  A bullfrog (Lair:2)
  4 frilled lizards (Lair:1)
7 creatures vanquished.

Vanquished Creatures (others)
  Kirke (D:13)
  A centaur warrior (D:13)
  A human (D:13)
  A swamp drake (D:12)
  An orc (Orc:1)
  A frilled lizard (Lair:1)
  A bush (Lair:5)
  2 foxfires (Swamp:2)
  41 fungi
  51 plants
101 creatures vanquished.

Grand Total: 946 creatures vanquished

Notes
Turn   | Place    | Note
-------+----------+-------------------------------------------
     0 | D:1      | sankara the Minotaur Transmuter began the quest for the
                  | Orb.
     0 | D:1      | Reached XP level 1. HP: 16/16 MP: 1/1
   216 | D:1      | Reached XP level 2. HP: 21/23 MP: 1/3
   249 | D:1      | Learned a level 2 spell: Wereblood
   566 | D:1      | Reached skill level 4 in Unarmed Combat
   924 | D:2      | Reached XP level 3. HP: 28/28 MP: 2/4
   988 | D:2      | Found a faded altar of an unknown god.
  1776 | D:3      | Noticed Sigmund
  2153 | D:3      | Found a runed translucent door.
  2154 | D:3      | Noticed Crazy Yiuf
  2176 | D:3      | Noticed Terence
  2183 | D:3      | Killed Terence
  2184 | D:3      | Reached XP level 4. HP: 26/35 MP: 3/5
  2190 | D:3      | Learned a level 3 spell: Spider Form
  2265 | D:3      | Reached skill level 5 in Unarmed Combat
  2348 | D:3      | Killed Sigmund
  2349 | D:3      | Reached skill level 1 in Poison Magic
  2349 | D:3      | Reached XP level 5. HP: 15/40 MP: 1/6
  2451 | D:3      | Reached XP level 6. HP: 47/47 MP: 5/7
  2470 | D:3      | Noticed Ijyb
  2479 | D:3      | Killed Ijyb
  2480 | D:3      | Reached skill level 6 in Unarmed Combat
  2744 | D:3      | Noticed Jessica
  2750 | D:3      | Killed Jessica
  3341 | D:3      | Killed Crazy Yiuf
  3404 | D:3      | Reached XP level 7. HP: 45/52 MP: 5/8
  3498 | D:4      | Reached skill level 7 in Unarmed Combat
  3799 | D:4      | Found a sparkling altar of Nemelex Xobeh.
  4087 | D:4      | Noticed a steam dragon
  4100 | D:4      | Killed a steam dragon
  4101 | D:4      | Reached XP level 8. HP: 28/59 MP: 4/9
  4498 | D:5      | Entered Level 5 of the Dungeon
  4690 | D:5      | Reached skill level 8 in Unarmed Combat
  5041 | D:5      | Found a radiant altar of Vehumet.
  5552 | D:6      | Noticed Prince Ribbit
  5564 | D:6      | Reached skill level 1 in Evocations
  5566 | D:6      | Killed Prince Ribbit
  5570 | D:6      | Found a staircase to the Ecumenical Temple.
  5572 | D:6      | Found a stormy altar of Qazlal.
  5589 | Temple   | Entered the Ecumenical Temple
  5764 | Temple   | Became a worshipper of Warmaster Okawaru
  5778 | D:6      | Learned a level 1 spell: Animate Skeleton
  5898 | D:6      | Found a glowing silver altar of Zin.
  5924 | D:6      | Identified the +0 leather armour of Gozag's Esteem {Str+4}
  5999 | D:6      | Found a sacrificial altar of Ru.
  6055 | D:6      | Reached XP level 9. HP: 70/70 MP: 6/10
  6179 | D:6      | Reached skill level 5 in Dodging
  6179 | D:6      | Reached skill level 1 in Necromancy
  6227 | D:6      | Reached * piety under Okawaru
  6293 | D:6      | Noticed Edmund
  6307 | D:6      | Killed Edmund
  6308 | D:6      | Reached skill level 5 in Transmutations
  6320 | D:6      | Reached skill level 9 in Unarmed Combat
  6728 | D:7      | Identified the +1 robe of the Earth {Regen+ Str-3 Dex+9
                  | Stlth-}
  6841 | D:7      | Noticed a seven-headed hydra
  6846 | D:7      | Noticed a two-headed ogre
  7027 | D:7      | Killed a two-headed ogre
  7028 | D:7      | Reached skill level 5 in Fighting
  7111 | D:7      | Noticed a kobold demonologist
  7114 | D:7      | Noticed a red devil
  7126 | D:7      | Reached skill level 1 in Invocations
  7170 | D:7      | Noticed a soul eater
  7171 | D:7      | Killed a kobold demonologist
  7203 | D:7      | Found a transporter.
  7204 | D:7      | Noticed zagosky's ghost (novice MiHu)
  7205 | D:7      | Identified the +6 dire flail of Sin {spect, *Corrode rElec
                  | Str+3}
  7205 | D:7      | Identified the +5 dire flail of Tortfeasance {vorpal, rF+++
                  | rCorr Str+3 Int-5}
  7205 | D:7      | Noticed a two-headed ogre
  7213 | D:7      | Reached ** piety under Okawaru
  7214 | D:7      | Reached XP level 10. HP: 81/81 MP: 9/11
  7223 | D:7      | Found Ypuang's Antique Weapon Shoppe.
  7332 | D:7      | Found a basalt altar of Yredelemnul.
  7356 | D:7      | Found a transporter.
  8594 | D:8      | Reached skill level 10 in Unarmed Combat
  9094 | D:9      | Found Meosa's General Store.
  9351 | D:9      | Reached *** piety under Okawaru
  9446 | D:9      | Found a staircase to the Lair.
  9937 | D:9      | Bought a scroll of blinking for 75 gold pieces
  9937 | D:9      | Bought 3 scrolls of magic mapping for 105 gold pieces
 10014 | Lair:1   | Entered Level 1 of the Lair of Beasts
 10181 | D:9      | Reached **** piety under Okawaru
 10235 | Lair:1   | Reached XP level 11. HP: 47/86 MP: 7/13
 10479 | Lair:1   | Noticed Harold
 10501 | Lair:1   | Killed Harold
 10502 | Lair:1   | Reached skill level 10 in Dodging
 10502 | Lair:1   | Reached skill level 11 in Unarmed Combat
 10502 | Lair:1   | Reached skill level 5 in Invocations
 11053 | Lair:1   | Reached ***** piety under Okawaru
 11517 | Lair:2   | You fall into a shaft and drop 2 floors!
 11645 | Lair:4   | Noticed a seven-headed hydra
 11655 | Lair:4   | Killed a seven-headed hydra
 11883 | Lair:2   | Noticed Sonja
 11974 | Lair:2   | Killed Sonja
 12194 | Lair:2   | Noticed Nergalle
 12207 | Lair:2   | Killed Nergalle
 12207 | Lair:2   | Identified the +9 scale mail "Sabag" {*Corrode rF+ Int+4
                  | Dex+6} (Okawaru gifted it to you on level 2 of the Lair of
                  | Beasts)
 12207 | Lair:2   | Received a gift from Okawaru
 12208 | Lair:2   | Reached XP level 12. HP: 65/99 MP: 9/14
 12352 | Lair:2   | Reached skill level 12 in Unarmed Combat
 12494 | Lair:2   | Found a hole to the Spider Nest.
 12646 | Lair:2   | Noticed a six-headed hydra
 12653 | Lair:2   | Killed a six-headed hydra
 13519 | Lair:3   | Noticed Snorg
 13531 | Lair:3   | Killed Snorg
 13532 | Lair:3   | Reached skill level 15 in Dodging
 13881 | Lair:3   | Found a staircase to the Swamp.
 14073 | Lair:3   | Noticed a boulder beetle
 14089 | Lair:3   | Killed a boulder beetle
 14090 | Lair:3   | Reached skill level 13 in Unarmed Combat
 14090 | Lair:3   | Reached XP level 13. HP: 113/113 MP: 6/17
 14414 | Lair:4   | Reached skill level 10 in Fighting
 15040 | Lair:5   | Identified the +0 scale mail "Syxkof" {rF- Int+4 SInv}
                  | (Okawaru gifted it to you on level 5 of the Lair of Beasts)
 15040 | Lair:5   | Received a gift from Okawaru
 15054 | Lair:5   | Reached skill level 1 in Throwing
 15054 | Lair:5   | Reached skill level 1 in Stealth
 15607 | Lair:5   | Noticed Urug
 15623 | Lair:5   | Killed Urug
 15691 | Lair:5   | Noticed a fire dragon
 15693 | Lair:5   | Identified a scroll of acquirement
 15707 | Lair:5   | Killed a fire dragon
 15727 | Lair:5   | Identified the +9 triple crossbow of Bloody Death {elec,
                  | rElec Dex-2 SInv Stlth+}
 15730 | Lair:5   | Got the Compendium of the Volcanoes and Bewitchment
 15731 | Lair:5   | Identified the +1 chain mail of Laohot {+Blink rF+ Int+2}
 15844 | Lair:5   | Reached skill level 5 in Evocations
 15910 | Lair:5   | Received a gift from Okawaru
 16478 | Lair:6   | Entered Level 6 of the Lair of Beasts
 16479 | Lair:6   | Found a viscous altar of Jiyva.
 16486 | Lair:6   | Found a staircase to the Slime Pits.
 16500 | Lair:6   | Reached skill level 5 in Throwing
 16532 | Lair:6   | Reached skill level 14 in Unarmed Combat
 16652 | Lair:6   | Received a gift from Okawaru
 16826 | Lair:6   | Reached XP level 14. HP: 122/122 MP: 15/18
 16865 | Lair:6   | Identified the +0 cloak of the Blind Marksman {rN+ Str+4
                  | Stlth+} (Okawaru gifted it to you on level 6 of the Lair of
                  | Beasts)
 16865 | Lair:6   | Received a gift from Okawaru
 18526 | Lair:6   | Reached skill level 5 in Stealth
 19073 | D:10     | Entered Level 10 of the Dungeon
 19225 | D:10     | Found Fismemok's Jewellery Shoppe.
 19378 | D:10     | Received a gift from Okawaru
 19425 | D:10     | Identified the ring of Papises {Will+ Slay+4}
 19470 | D:10     | Identified the ring of Harmony {Ice rCorr Int+5 Dex+4
                  | Slay-4}
 19479 | D:10     | Identified the ring "Bossom" {Ice rElec rN+}
 19550 | D:10     | Identified the ring of Cheibriados's Grace {+Blink rC+
                  | Str+8 Int-5 Dex-4}
 19774 | D:10     | Noticed Josephine
 19788 | D:10     | Killed Josephine
 19943 | D:10     | Learned a level 2 spell: Blink
 20345 | D:11     | Found Gawivvaf's Antique Weapon Shoppe.
 20391 | D:11     | Reached skill level 15 in Unarmed Combat
 20428 | D:11     | Reached XP level 15. HP: 129/134 MP: 15/19
 20585 | D:11     | Found a burning altar of Makhleb.
 20585 | D:11     | Noticed an Executioner
 20670 | D:11     | Noticed Fannar
 20688 | D:11     | Killed Fannar
 20688 | D:11     | Received a gift from Okawaru
 20689 | D:11     | Reached skill level 1 in Translocations
 21471 | D:12     | Got Zeoc's Disquisition on Creative Battle Magic
 21557 | D:12     | Found a portal to a secret trove of treasure.
 21646 | D:12     | Found a staircase to the Orcish Mines.
 21802 | Orc:1    | Entered Level 1 of the Orcish Mines
 21980 | Orc:1    | Noticed an orc warlord
 21989 | Orc:1    | Received a gift from Okawaru
 22011 | Orc:1    | Killed an orc warlord
 22256 | Orc:2    | Entered Level 2 of the Orcish Mines
 22279 | Orc:2    | Found a staircase to the Elven Halls.
 23230 | Orc:2    | Found Baanuh's Assorted Antiques.
 23230 | Orc:2    | Found Katur's General Store.
 23235 | Orc:2    | Found Xamnyhesk's Assorted Antiques.
 23235 | Orc:2    | Found Tyoseseng's Weapon Emporium.
 23654 | Orc:1    | Noticed an orc warlord
 23674 | Orc:1    | Killed an orc warlord
 23934 | D:10     | Bought the ring of the Tortoise {AC+8} for 1792 gold pieces
 23934 | D:10     | Found the ring of the Tortoise {AC+8}
 24030 | Lair:1   | Acquired 725 gold pieces
 24136 | D:13     | Noticed Erolcha
 24147 | D:13     | Received a gift from Okawaru
 24150 | D:13     | Killed Erolcha
 24526 | D:13     | Received a gift from Okawaru
 24603 | D:13     | Received a gift from Okawaru
 25123 | D:14     | Reached skill level 16 in Unarmed Combat
 25145 | D:14     | Paralysed by something for 2 turns
 25269 | D:14     | Reached XP level 16. HP: 81/146 MP: 20/20
 25276 | D:14     | Reached skill level 10 in Throwing
 25366 | D:14     | Found a basalt altar of Yredelemnul.
 25539 | D:14     | Found a gate to the Vaults.
 26030 | D:15     | Entered Level 15 of the Dungeon
 26147 | D:13     | Noticed Kirke
 26162 | D:13     | Killed Kirke
 26358 | D:15     | Noticed Jorgrun
 26380 | D:15     | Killed Jorgrun
 26511 | D:15     | Received a gift from Okawaru
 26771 | D:15     | Identified the +9 long sword "Seak" {protect, rC+ Str+2}
                  | (Okawaru gifted it to you on level 15 of the Dungeon)
 26771 | D:15     | Received a gift from Okawaru
 26812 | D:15     | Found a staircase to the Depths.
 26967 | D:15     | Reached skill level 15 in Fighting
 27379 | Swamp:1  | Entered Level 1 of the Swamp
 27612 | Swamp:1  | Reached skill level 17 in Unarmed Combat
 27968 | Swamp:1  | Reached skill level 1 in Armour
 28015 | Lair:3   | Learned a level 4 spell: Ice Form
 28295 | Swamp:1  | Reached skill level 1 in Ice Magic
 28625 | Swamp:2  | Noticed a thorn hunter
 28635 | Swamp:2  | Killed a thorn hunter
 28635 | Swamp:2  | Identified the +4 longbow of Expedience {freeze, rN++ Will+
                  | Int+4 Stlth+} (Okawaru gifted it to you on level 2 of the
                  | Swamp)
 28635 | Swamp:2  | Received a gift from Okawaru
 29130 | Swamp:2  | Noticed Frances
 29141 | Swamp:2  | Killed Frances
 29446 | Swamp:2  | Reached XP level 17. HP: 156/156 MP: 17/21
 29717 | Swamp:3  | Found a runed translucent door.
 29717 | Swamp:3  | Found a shimmering altar of Xom.
 29717 | Swamp:3  | Noticed groll's ghost (adept MiBe)
 29811 | Swamp:3  | Noticed a tentacled monstrosity
 29821 | Swamp:3  | Killed a tentacled monstrosity
 29821 | Swamp:3  | Received a gift from Okawaru
 30027 | Swamp:3  | Identified the +3 great mace "Fejualau" {vorpal, rF+ rCorr}
                  | (Okawaru gifted it to you on level 3 of the Swamp)
 30027 | Swamp:3  | Received a gift from Okawaru
 30070 | Swamp:3  | Identified the ring of Hisk {rPois rC+ Will+}
 30447 | Swamp:4  | Entered Level 4 of the Swamp
 30659 | Swamp:4  | Cast into level 2 of the Abyss (a wizard)
 30726 | Abyss:2  | Reached skill level 10 in Transmutations
 30857 | Abyss:2  | Noticed a bone dragon
 30879 | Abyss:2  | Killed a bone dragon
 30879 | Abyss:2  | Received a gift from Okawaru
 30880 | Abyss:2  | Reached skill level 18 in Unarmed Combat
 30958 | Abyss:2  | Killed from afar by a wind drake

Illustrated notes

Levels and vault maps discovered:
D:1:      scummos_arrival_forest, layout_rooms, minmay_tetromino_s4
D:2:      layout_basic, dreamdust_ecumenical_altar_statues, minmay_hedge_maze
D:3:      layout_loops_ring, gup_sewer_entry_spiral, solitary_fountain,
          minivault_27, uniq_crazy_yiuf_cottage, uniq_sigmund, uniq_ijyb,
          uniq_terence, uniq_jessica
D:4:      layout_basic, nemelex_xobeh_ov_fountains_minmay, kennysheep_cross_room
D:5:      layout_basic, vehumet_altar_wand_db
D:6:      layout_basic, zin_scriptorium, mainiacjoe_overflow_large_starburst,
          minmay_temple_entry_trees, hangedman_decor_slide_cut,
          serial_bayou_pond_c, minmay_misc_feat_cross,
          chequers_serial_rivers_marsh, kennysheep_generic_room_8,
          uniq_prince_ribbit1, uniq_edmund
D:7:      layout_gridville, mainiacjoe_overflow_alcove_2, serial_shops, shop,
          gammafunk_ghost_smash, minmay_manual_moon
D:8:      layout_basic
D:9:      layout_cave_pods, due_lair_maze_entry_diamond,
          nicolae_inconvenience_store
D:10:     minmay_the_grid_triangle_9x9_rhombus_thin
          [minmay_the_grid_triangle_9x9_longest,
          minmay_the_grid_triangle_9x9_prize_special,
          minmay_the_grid_triangle_9x9_corruption,
          minmay_the_grid_triangle_9x9_corrupted_corridor], layout_gridville,
          serial_shops, nicolae_shop_temple_entry_statues_fountains,
          uniq_josephine
D:11:     layout_roguey, serial_shops, shop, makhleb_altar_promises_db,
          uniq_fannar
D:12:     layout_rooms, erik_orc_1, enter_trove_3
D:13:     minmay_inside_and_out, layout_rooms, uniq_erolcha, uniq_kirke
D:14:     layout_loops_corners, david_vaults_2, yredelemnul_altar_generic
D:15:     gammafunk_enter_depths_forms, layout_rooms, minmay_splitting_lines,
          uniq_jorgrun
Temple:   eino_temple_rhombus
Lair:1:   lemuel_reptile_caves, layout_cellular_growth,
          amcnicky_mini_pool_medium, uniq_harold
Lair:2:   layout_cave_pods, nicolae_spider_entry_tight_spaces, uniq_nergalle,
          uniq_sonja
Lair:3:   layout_chaotic_city, skrybe_swamp_entry_bodies, uniq_snorg
Lair:4:   layout_regular_city, infiniplex_staircase_pool
Lair:5:   dragon1_lemuel, layout_cave_pods, grunt_megastairs_4, uniq_urug
Lair:6:   evilmike_catoblepas_cave, layout_small_grid, slime_altar_1,
          gammafunk_lair_bear_cave
Swamp:1:  layout_falls_marsh, hangedman_swamp_ruin_wall, swamp_pool1,
          nicolae_swamp_dense_foliage
Swamp:2:  layout_basic_swamp, nicolae_swamp_feature_on_the_river_bank,
          hangedman_swamp_ravenous, uniq_frances
Swamp:3:  layout_basic_swamp, ebering_ghost_xom, nicolae_swamp_tree_isthmus
Swamp:4:  nzn_swamp_witches_coven, layout_basic_swamp
Orc:1:    layout_caves, rock_pile
Orc:2:    grunt_orc_tribal_feast, layout_caves
Abyss:2:  base: Lair:5, evilmike_abyss_exit_11, evilmike_abyss_exit_10,
          evilmike_abyss_exit_kraken, hangedman_abyss_batty_box,
          hangedman_abyss_batty_box

Skill      XL: |  1  2  3  4  5  6  7  8  9 10 11 12 13 14 15 16 17 |
---------------+----------------------------------------------------+-----
Unarmed Combat | 4 5 6 7 8 9 10 11 13 14 15 16 17 18 | 18.1
Transmutations | 2 3 4 6 7 8 10 | 10.0
Poison Magic   | 1 2 3 |  3.0
Dodging        | 3 4 5 9 13 15 | 15.0
Fighting       | 3 5 7 9 10 12 14 15 | 15.0
Evocations     | 2 3 5 7 |  7.0
Necromancy     | 2 3 |  3.0
Invocations    | 1 4 5 6 7 |  7.0
Throwing       | 5 7 9 11 12 | 12.0
Stealth        | 3 5 |  5.0
Spellcasting   | 2 |  2.0
Translocations | 3 |  3.0
Armour         | 1 |  1.0
Ice Magic      | 2 3 |  3.0

Action                   |  1- 3 |  4- 6 |  7- 9 | 10-12 | 13-15 | 16-18 || total
-------------------------+-------+-------+-------+-------+-------+-------++-------
Melee: Unarmed           |    83 |    80 |   241 |   609 |  1198 |   718 ||  2929
       Kick              |    18 |     3 |     2 |     2 |       |       ||    25
       Headbutt          |     7 |     6 |     4 |     4 |    10 |    13 ||    44
       Punch             |     2 |       |       |     4 |     2 |     2 ||    10
Throw: Boomerang         |       |       |       |       |    17 |     2 ||    19
 Cast: Beastly Appendage |    27 |     6 |     2 |     2 |     1 |       ||    38
       Wereblood         |     1 |       |       |       |     3 |       ||     4
       Spider Form       |       |    11 |    34 |    70 |   102 |    36 ||   253
       Animate Skeleton  |       |       |     4 |    57 |    35 |       ||    96
       Ice Form          |       |       |       |       |       |    26 ||    26
Invok: Heroism           |       |       |     1 |    31 |    56 |    13 ||   101
       Finesse           |       |       |       |     4 |    15 |     3 ||    22
 Abil: End Transformatio |       |       |     2 |     1 |     1 |     3 ||     7
Evoke: Wand              |       |       |    18 |     5 |    10 |       ||    33
  Use: Scroll            |     5 |       |     4 |     9 |    10 |     1 ||    29
       Potion            |     1 |     4 |       |       |     3 |     2 ||    10
 Stab: Sleeping          |       |       |       |     1 |     5 |     1 ||     7
       Confused          |       |       |       |       |     1 |       ||     1
Armor: Robe              |    16 |     3 |    24 |     6 |     7 |     9 ||    65
       Skin              |       |     1 |     8 |    42 |    82 |   121 ||   254
       Swamp dragon scal |       |       |       |       |       |     5 ||     5
Dodge: Dodged            |    49 |    41 |   234 |   674 |  1233 |   528 ||  2759
